 Dungeon Crawl Stone Soup version 0.16.2-3-ga078185 (webtiles) character file.

386 gorblad the Sneak (level 7, -3/41 HPs)
             Began as a Kobold Assassin on Sept 6, 2015.
             Slain by an ogre
             ... wielding a +0 giant club
              (10 damage)
             ... on level 4 of the Dungeon.
             The game lasted 00:18:56 (3465 turns).

gorblad the Sneak (Kobold Assassin)                 Turns: 3465, Time: 00:18:56

Health: -3/41      AC:  9    Str:  9    XL:     7   Next: 6%
Magic:  7/7        EV:  7    Int:  9    God:
Gold:   47         SH:  0    Dex: 20    Spells: 0 memorised, 6 levels left

rFire  . . .     SeeInvis .     r - +7 club
rCold  . . .     Clarity  .     v - +0 chain mail
rNeg   . . .     SustAb   .     (no shield)
rPois  .         Gourm    .     (no helmet)
rElec  .         Spirit   .     d - +0 cloak
rCorr  .         Warding  .     (no gloves)
rMut   .         Stasis   .     (no boots)
MR     .....                    (no amulet)
Stlth  +.........               (no ring)
                                (no ring)

@: not resistant to hostile enchantments, very unstealthy
A: carnivore 3
a: no special abilities


You were on level 4 of the Dungeon.
You were very full.

You visited 1 branch of the dungeon, and saw 4 of its levels.

You collected 47 gold pieces.

Inventory:

Hand weapons
 a - a +2 dagger
 b - a +0 blowgun
 o - a +0 dagger
 r - a +7 club (weapon)
Missiles
 e - 15 poisoned needles
 f - 2 curare-tipped needles
Armour
 c - a +0 robe
 d - a +0 cloak (worn)
 i - a +2 ring mail
 s - a +0 robe
 v - a +0 chain mail (worn)
Scrolls
 h - a scroll of remove curse
 q - 2 scrolls of recharging
Potions
 j - 4 potions of curing
 k - a potion of cancellation
 l - 3 potions of ambrosia
 n - a potion of mutation {unknown}
 t - a potion of heal wounds {unknown}
 w - a potion of berserk rage {unknown}
 x - a potion of restore abilities {unknown}
Comestibles
 g - a meat ration
 m - a slice of pizza
 p - a royal jelly
 u - 2 chunks of flesh


   Skills:
 + Level 3.3 Fighting
 - Level 3.1 Short Blades
 * Level 2.7 Maces & Flails
 - Level 2.6 Throwing
 + Level 2.0 Armour
 + Level 3.4 Dodging
 + Level 7.4 Stealth


You had 6 spell levels left.
You didn't know any spells.

Dungeon Overview and Level Annotations

Branches:
Dungeon (4/15)
 Temple: D:4-7

Altars:
Ashenzari

Shops:
D:4 ?


Innate Abilities, Weirdness & Mutations

You are small and have problems with some larger weapons.
You are carnivorous and can eat meat at any time.


Message History

The jackal bites you but does no damage. x2
You hit the ogre.
The ogre is lightly wounded.
The jackal bites you but does no damage.
The ogre hits you with a giant club!
* * * LOW HITPOINT WARNING * * *
The jackal barely misses you.
You are too injured to fight recklessly!
You are too injured to fight recklessly!
You are too injured to fight recklessly!
You are too injured to fight recklessly!
You are too injured to fight recklessly!
You are too injured to fight recklessly!
You sock the jackal!
You kill the jackal!
The ogre barely misses you.
You hit the ogre.
The ogre is moderately wounded.
The ogre hits you with a giant club!
You die...

.... #..# #..# #####
#######..##....
#..........# #.
#........#.# .#
#........#.##.#
#####........#.O#.##
.........#...>.†@..#
.......###.#####.....>...
.......# #.. ...#.....
.......# #### ###......#
.......# .#..#.. ∩......#
....# .......###### .##.#
............^ .# .
....†.###...# .


You could see an ogre.

Vanquished Creatures
  A hippogriff (D:3)
  A hound (D:4)
  An orc priest (D:3)
  An orc wizard (D:3)
  Jessica (D:2)
  7 adders
  2 giant geckos (D:2)
  6 orcs (D:3)
  6 bats
  6 giant cockroaches
  13 hobgoblins
  7 jackals
  A quokka (D:3)
  2 ball pythons
  3 giant newts
  6 goblins
  8 kobolds
  7 rats
79 creatures vanquished.

Notes
Turn   | Place    | Note
--------------------------------------------------------------
     0 | D:1      | gorblad, the Kobold Assassin, began the quest for the Orb.
     0 | D:1      | Reached XP level 1. HP: 12/12 MP: 1/1
   263 | D:1      | Reached XP level 2. HP: 17/17 MP: 2/2
   604 | D:1      | Reached skill level 6 in Stealth
   695 | D:1      | Reached XP level 3. HP: 21/21 MP: 3/3
   838 | D:2      | Found a shattered altar of Ashenzari.
  1236 | D:2      | Reached XP level 4. HP: 25/27 MP: 4/4
  1754 | D:2      | Noticed Jessica
  1768 | D:2      | Killed Jessica
  1768 | D:2      | Reached skill level 1 in Armour
  2058 | D:3      | Noticed a hippogriff
  2063 | D:3      | Killed a hippogriff
  2063 | D:3      | Reached skill level 1 in Maces & Flails
  2063 | D:3      | Reached skill level 7 in Stealth
  2063 | D:3      | Reached XP level 5. HP: 22/32 MP: 5/5
  2063 | D:3      | Reached XP level 6. HP: 24/36 MP: 6/6
  3393 | D:4      | Found Streokh's Magic Scroll Emporium.
  3458 | D:4      | Reached XP level 7. HP: 19/41 MP: 7/7
  3465 | D:4      | Slain by an ogre

Action                   |  1- 3 |  4- 6 |  7- 9 || total
-------------------------+-------+-------+-------++-------
Melee: Dagger            |    96 |    86 |       ||   182
       Club              |       |   105 |     7 ||   112
  Use: Scroll            |     4 |     8 |       ||    12
 Stab: Sleeping          |     5 |     5 |       ||    10
       Distracted        |     1 |     1 |       ||     2
  Eat: Chunk             |     1 |    14 |       ||    15
